TOP OF THE 1ST |
Victoria Capitals batting - Pitching for Colorado Avalanche : RHP Manny Lebron
|
Pitching: RHP Manny Lebron
|
|
Batting: RHB John Vasquez
|
0-0: Ball 1-0: Swinging Strike 1-1: Ball 2-1: Foul Ball, location: 2F 2-2: Strikes out swinging
|
Batting: RHB Enrique Valdez
|
0-0: Ball 1-0: Called Strike 1-1: SINGLE (Groundball, 6, EV 98.1 MPH)
|
Batting: SHB Ray Skogen
|
0-0: Ball 1-0: Ball Enrique Valdez steals 2nd base 2-0: Called Strike 2-1: Ground out 4-3 (Groundball, 4, EV 96.9 MPH) Enrique Valdez to third
|
Batting: RHB Kinzo Yokoyama
|
0-0: Called Strike 0-1: Ball 1-1: Called Strike 1-2: Foul Ball, location: 2F 1-2: Ball 2-2: Strikes out looking
|
Top of the 1st over - 0 runs, 1 hit, 0 errors, 1 left on base; Victoria 0 - Colorado 0 |
BOTTOM OF THE 1ST |
Colorado Avalanche batting - Pitching for Victoria Capitals : LHP Adam Schmidt
|
Pitching: LHP Adam Schmidt
|
|
Batting: SHB Jamie Mims
|
0-0: Foul Ball, location: 2F 0-1: Ground out 6-3 (Groundball, 6, EV 75.6 MPH)
|
Batting: RHB Chris Osting
|
0-0: Called Strike 0-1: Ball 1-1: Called Strike 1-2: Foul Ball, location: 2F 1-2: Ball 2-2: Ball 3-2: Ground out 6-3 (Groundball, 6, EV 93.1 MPH)
|
Batting: RHB Zakhar Edelman
|
0-0: Foul Ball, location: 2F 0-1: SINGLE (Groundball, 6MD, EV 101.2 MPH)
|
Batting: RHB John Corfield
|
0-0: Ball 1-0: TRIPLE (Flyball, 89XD, EV 100.6 MPH) Zakhar Edelman scores
|
Batting: RHB Matviy Oliynyk
|
0-0: Ball Wild Pitch! John Corfield scores 1-0: Called Strike 1-1: Fly out, F8 (Flyball, 89D, EV 98.1 MPH)
|
Bottom of the 1st over - 2 runs, 2 hits, 0 errors, 0 left on base; Victoria 0 - Colorado 2 |
TOP OF THE 2ND |
Victoria Capitals batting - Pitching for Colorado Avalanche : RHP Manny Lebron
|
Batting: LHB Addisu Nyamekye
|
0-0: Called Strike 0-1: Ball 1-1: Ground out U3 (Groundball, 34S, EV 91.2 MPH)
|
Batting: RHB Jose Zuniga
|
0-0: Ball 1-0: Ball 2-0: SINGLE (Groundball, 56D, EV 103.1 MPH)
|
Batting: LHB Chris Jackson
|
0-0: Ball 1-0: Called Strike 1-1: Grounds into double play, 3-6-3 (Groundball, 3, EV 104.4 MPH)
|
Top of the 2nd over - 0 runs, 1 hit, 0 errors, 0 left on base; Victoria 0 - Colorado 2 |
BOTTOM OF THE 2ND |
Colorado Avalanche batting - Pitching for Victoria Capitals : LHP Adam Schmidt
|
Batting: RHB Mike McElroy
|
0-0: Ground out U3 (Groundball, 34S, EV 81.9 MPH)
|
Batting: LHB Paul McClintock
|
0-0: SOLO HOME RUN (Flyball, 9D, EV 97.5 MPH), Distance : 381 ft
|
Batting: RHB Bob Hayes
|
0-0: Ball 1-0: SINGLE (Line Drive, 7LS, EV 94.4 MPH)
|
Batting: RHB Manny Thompson
|
0-0: Called Strike 0-1: Foul Ball, location: 2F 0-2: Strikes out looking
|
Batting: SHB Jamie Mims
|
0-0: Called Strike 0-1: Ball 1-1: Foul Ball, location: 2F 1-2: Ball 2-2: SINGLE (Line Drive, 7LS, EV 93.1 MPH) Bob Hayes to second
|
Batting: RHB Chris Osting
|
0-0: Ball 1-0: 3-RUN HOME RUN (Flyball, 78XD, EV 116.2 MPH), Distance : 440 ft
|
Batting: RHB Zakhar Edelman
|
0-0: Ball 1-0: Foul Ball, location: 2F 1-1: Ball 2-1: Foul Ball, location: 2F 2-2: Ball 3-2: Base on Balls
|
Pitching: RHP Frank Cabrera
|
|
Batting: RHB John Corfield
|
0-0: Called Strike 0-1: Ball 1-1: Swinging Strike 1-2: Strikes out swinging
|
Bottom of the 2nd over - 4 runs, 4 hits, 0 errors, 1 left on base; Victoria 0 - Colorado 6 |
TOP OF THE 3RD |
Victoria Capitals batting - Pitching for Colorado Avalanche : RHP Manny Lebron
|
Batting: RHB Victor Ramirez
|
0-0: Fly out, F8 (Line Drive, 8RM, EV 91.9 MPH)
|
Batting: RHB David Greene
|
0-0: Ball 1-0: Called Strike 1-1: Ball 2-1: Ball 3-1: Foul Ball, location: 2F 3-2: Fly out, F3 (Line Drive, 3, EV 71.2 MPH)
|
Batting: RHB John Vasquez
|
0-0: Ball 1-0: Called Strike 1-1: Called Strike 1-2: Strikes out looking
|
Top of the 3rd over - 0 runs, 0 hits, 0 errors, 0 left on base; Victoria 0 - Colorado 6 |
BOTTOM OF THE 3RD |
Colorado Avalanche batting - Pitching for Victoria Capitals : RHP Frank Cabrera
|
Batting: RHB Matviy Oliynyk
|
0-0: Ground out U3 (Groundball, 3L, EV 100.6 MPH)
|
Batting: RHB Mike McElroy
|
0-0: Called Strike 0-1: Fly out, F9 (Flyball, 9LS, EV 90.6 MPH)
|
Batting: LHB Paul McClintock
|
0-0: Called Strike 0-1: Ball 1-1: SOLO HOME RUN (Flyball, 89XD, EV 115.6 MPH), Distance : 435 ft
|
Batting: RHB Bob Hayes
|
0-0: Ball 1-0: Fly out, F7 (Flyball, 7S, EV 95.6 MPH)
|
Bottom of the 3rd over - 1 run, 1 hit, 0 errors, 0 left on base; Victoria 0 - Colorado 7 |
TOP OF THE 4TH |
Victoria Capitals batting - Pitching for Colorado Avalanche : RHP Manny Lebron
|
Batting: RHB Enrique Valdez
|
0-0: Called Strike 0-1: Ground out 2-3 (Groundball, 2R, EV 70.6 MPH)
|
Batting: SHB Ray Skogen
|
0-0: Ball 1-0: Ball 2-0: Ground out 4-3 (Groundball, 4, EV 81.9 MPH)
|
Batting: RHB Kinzo Yokoyama
|
0-0: Swinging Strike 0-1: Called Strike 0-2: Strikes out swinging
|
Top of the 4th over - 0 runs, 0 hits, 0 errors, 0 left on base; Victoria 0 - Colorado 7 |
BOTTOM OF THE 4TH |
Colorado Avalanche batting - Pitching for Victoria Capitals : RHP Frank Cabrera
|
Batting: RHB Manny Thompson
|
0-0: Ball 1-0: Foul Ball, location: 2F 1-1: SINGLE (Groundball, 6MD, EV 109.4 MPH)
|
Batting: SHB Jamie Mims
|
0-0: Foul Ball, location: 2F 0-1: Fly out, F8 (Flyball, 78D, EV 110.0 MPH)
|
Batting: RHB Chris Osting
|
0-0: Ball 1-0: Ball 2-0: Ball 3-0: Base on Balls Manny Thompson to second
|
Batting: RHB Zakhar Edelman
|
0-0: Called Strike 0-1: Ball 1-1: Ball 2-1: Ball 3-1: Fielders Choice at 2nd, 3-6 (Groundball, 3, EV 83.1 MPH) Manny Thompson to third
|
Batting: RHB John Corfield
|
0-0: Ball 1-0: Ball 2-0: Ball 3-0: Swinging Strike 3-1: Fly out, F6 (Popup, 6MS, EV 72.5 MPH)
|
Bottom of the 4th over - 0 runs, 1 hit, 0 errors, 2 left on base; Victoria 0 - Colorado 7 |
TOP OF THE 5TH |
Victoria Capitals batting - Pitching for Colorado Avalanche : RHP Manny Lebron
|
Batting: LHB Addisu Nyamekye
|
0-0: Called Strike 0-1: Ground out U3 (Groundball, 34, EV 88.1 MPH)
|
Batting: RHB Jose Zuniga
|
0-0: Foul Ball, location: 2F 0-1: Ball 1-1: Hit by Pitch
|
Batting: LHB Chris Jackson
|
0-0: SINGLE (Groundball, 34D, EV 95.0 MPH) Jose Zuniga to second
|
Batting: RHB Victor Ramirez
|
0-0: Ball 1-0: Foul Ball, location: 2F 1-1: Foul Ball, location: 2F 1-2: Strikes out swinging
|
Batting: RHB David Greene
|
0-0: Called Strike 0-1: Ball 1-1: Called Strike 1-2: Ball 2-2: Strikes out swinging
|
Top of the 5th over - 0 runs, 1 hit, 0 errors, 2 left on base; Victoria 0 - Colorado 7 |
BOTTOM OF THE 5TH |
Colorado Avalanche batting - Pitching for Victoria Capitals : RHP Frank Cabrera
|
Batting: RHB Matviy Oliynyk
|
0-0: Foul Ball, location: 2F 0-1: Ball 1-1: Ball 2-1: Ground out 6-3 (Groundball, 56D, EV 108.1 MPH)
|
Batting: RHB Mike McElroy
|
0-0: Foul Ball, location: 2F 0-1: Ball 1-1: SINGLE (Flyball, 34D, EV 89.4 MPH)
|
Batting: LHB Paul McClintock
|
0-0: Fly out, F9 (Flyball, 9S, EV 93.8 MPH)
|
Batting: RHB Bob Hayes
|
0-0: Called Strike 0-1: Ball 1-1: Ball Balk! Mike McElroy to second 2-1: SINGLE (Line Drive, 89S, EV 101.2 MPH) Mike McElroy to third Runner from 3rd tries for Home, SAFE, throw by RF to home Bob Hayes to second
|
Batting: RHB Manny Thompson
|
0-0: Called Strike 0-1: Foul Ball, location: 2F 0-2: Foul Ball, location: 2F 0-2: Ball 1-2: Ball 2-2: Ground out 3-1 (Groundball, 34S, EV 83.1 MPH)
|
Bottom of the 5th over - 1 run, 2 hits, 0 errors, 1 left on base; Victoria 0 - Colorado 8 |
TOP OF THE 6TH |
Victoria Capitals batting - Pitching for Colorado Avalanche : RHP Manny Lebron
|
Batting: RHB John Vasquez
|
0-0: Ball 1-0: Ball 2-0: Ball 3-0: Base on Balls
|
Batting: RHB Enrique Valdez
|
0-0: Called Strike 0-1: Ball John Vasquez steals 2nd base (no throw) 1-1: Ground out 5-3 (Groundball, 56, EV 81.9 MPH)
|
Batting: SHB Ray Skogen
|
0-0: Ball 1-0: Ball 2-0: Ball 3-0: Base on Balls
|
Batting: RHB Kinzo Yokoyama
|
0-0: Grounds into double play, 6-4-3 (Groundball, 6, EV 84.4 MPH)
|
Top of the 6th over - 0 runs, 0 hits, 0 errors, 1 left on base; Victoria 0 - Colorado 8 |
BOTTOM OF THE 6TH |
Colorado Avalanche batting - Pitching for Victoria Capitals : RHP Frank Cabrera
|
Batting: SHB Jamie Mims
|
0-0: Foul Ball, location: 2F 0-1: Ball 1-1: Ball 2-1: Fly out, F7 (Flyball, 7LS, EV 85.0 MPH)
|
Batting: RHB Chris Osting
|
0-0: Foul Ball, location: 2F 0-1: SOLO HOME RUN (Flyball, 7D, EV 104.4 MPH), Distance : 400 ft
|
Batting: RHB Zakhar Edelman
|
0-0: Swinging Strike 0-1: Ball 1-1: Foul Ball, location: 2F 1-2: Ball 2-2: Ground out 6-3 (Groundball, 6, EV 107.5 MPH)
|
Pitching: RHP Bill Porter
|
|
Batting: RHB John Corfield
|
0-0: Foul Ball, location: 2F 0-1: Called Strike 0-2: Ball 1-2: Ball 2-2: Strikes out looking
|
Bottom of the 6th over - 1 run, 1 hit, 0 errors, 0 left on base; Victoria 0 - Colorado 9 |
TOP OF THE 7TH |
Victoria Capitals batting - Pitching for Colorado Avalanche : RHP Manny Lebron
|
Batting: LHB Addisu Nyamekye
|
0-0: Called Strike 0-1: Called Strike 0-2: Ball 1-2: Ball 2-2: Strikes out looking
|
Pitching: RHP Josh Blaschke
|
|
Batting: RHB Jose Zuniga
|
0-0: Ball 1-0: Ball 2-0: Ball 3-0: Called Strike 3-1: Foul Ball, location: 2F 3-2: SINGLE (Groundball, 34D, EV 101.9 MPH)
|
Batting: LHB Chris Jackson
|
0-0: Ground out 5-3 (Groundball, 5S, EV 70.6 MPH) Jose Zuniga to second
|
Batting: RHB Victor Ramirez
|
0-0: Ball 1-0: Called Strike 1-1: Ball 2-1: Ball 3-1: Foul Ball, location: 2F 3-2: Strikes out swinging
|
Top of the 7th over - 0 runs, 1 hit, 0 errors, 1 left on base; Victoria 0 - Colorado 9 |
BOTTOM OF THE 7TH |
Colorado Avalanche batting - Pitching for Victoria Capitals : RHP Bill Porter
|
Pinch Hitting: SHB Justin Jackson
|
0-0: Ball 1-0: SINGLE (Groundball, 4MD, EV 106.9 MPH)
|
Batting: RHB Mike McElroy
|
0-0: Ball Wild Pitch! Justin Jackson to second 1-0: Called Strike 1-1: SINGLE (Groundball, 4MD, EV 98.1 MPH) Justin Jackson to third
|
Batting: LHB Paul McClintock
|
0-0: Fielders Choice at 2nd, 3-6 (Groundball, 34, EV 83.8 MPH) Justin Jackson scores
|
Batting: RHB Bob Hayes
|
0-0: Ball 1-0: Fly out, F9 (Flyball, 89M, EV 95.0 MPH)
|
Batting: RHB Manny Thompson
|
0-0: Ball 1-0: Ball 2-0: Called Strike 2-1: Ball 3-1: Base on Balls Paul McClintock to second
|
Pinch Hitting: SHB Clayton Saunders
|
0-0: Ground out 4-3 (Groundball, 4, EV 86.2 MPH)
|
Bottom of the 7th over - 1 run, 2 hits, 0 errors, 2 left on base; Victoria 0 - Colorado 10 |
TOP OF THE 8TH |
Victoria Capitals batting - Pitching for Colorado Avalanche : RHP Josh Blaschke
|
Now at 3B: Willie Benito
|
|
Now in CF: Zakhar Edelman
|
|
Now in RF: Clayton Saunders
|
|
Batting: RHB David Greene
|
0-0: Called Strike 0-1: Called Strike 0-2: Foul Ball, location: 2F 0-2: Ball 1-2: Ball 2-2: Ground out 6-3 (Groundball, 6, EV 88.1 MPH)
|
Batting: RHB John Vasquez
|
0-0: Swinging Strike 0-1: Ball 1-1: Swinging Strike 1-2: Foul Ball, location: 2F 1-2: Foul Ball, location: 2F 1-2: Ball 2-2: Ball 3-2: Base on Balls
|
Pitching: RHP Jim Crooks
|
|
Pinch Hitting: SHB Frank Amato
|
0-0: Called Strike 0-1: Ball 1-1: Ball 2-1: Foul Ball, location: 2F 2-2: Grounds out, U3 (Groundball, 3L, EV 88.1 MPH)
|
Batting: SHB Ray Skogen
|
0-0: Ball 1-0: Ball 2-0: Ground out 2-3 (Groundball, 15S, EV 63.1 MPH)
|
Top of the 8th over - 0 runs, 0 hits, 0 errors, 1 left on base; Victoria 0 - Colorado 10 |
BOTTOM OF THE 8TH |
Colorado Avalanche batting - Pitching for Victoria Capitals : RHP Bill Porter
|
Now at 3B: Jason Kinney
|
|
Pinch Hitting: RHB Zi-cheng Zhou
|
0-0: Called Strike 0-1: Swinging Strike 0-2: Fly out, F8 (Line Drive, 8RD, EV 97.5 MPH)
|
Pinch Hitting: LHB Nick Martin
|
0-0: Ball 1-0: Ball 2-0: Ball 3-0: Base on Balls
|
Pitching: RHP Daniel Villalobos
|
|
Batting: RHB John Corfield
|
0-0: Ball 1-0: Hit by Pitch Nick Martin to second
|
Pinch Hitting: RHB Ryan Ward
|
0-0: Ball 1-0: Foul Ball, location: 2F 1-1: Fielders Choice at 2nd, 6-4 (Groundball, 6, EV 78.1 MPH) Nick Martin to third
|
Batting: RHB Mike McElroy
|
0-0: Ball 1-0: Fly out, F9 (Flyball, 9D, EV 102.5 MPH)
|
Bottom of the 8th over - 0 runs, 0 hits, 0 errors, 2 left on base; Victoria 0 - Colorado 10 |
TOP OF THE 9TH |
Victoria Capitals batting - Pitching for Colorado Avalanche : RHP Jim Crooks
|
Now at 3B: Ryan Ward
|
|
Now in LF: Brent Montagano
|
|
Now in CF: Clayton Saunders
|
|
Now in RF: Nick Martin
|
|
Pinch Hitting: LHB William Gonzales
|
0-0: Ball 1-0: Ground out 4-3 (Groundball, 4M, EV 83.1 MPH)
|
Batting: LHB Addisu Nyamekye
|
0-0: Swinging Strike 0-1: SOLO HOME RUN (Flyball, 89XD, EV 110.0 MPH), Distance : 442 ft
|
Batting: RHB Jose Zuniga
|
0-0: Ball 1-0: Called Strike 1-1: Foul Ball, location: 2F 1-2: Foul Ball, location: 2F 1-2: Foul Ball, location: 2F 1-2: DOUBLE (Line Drive, 89D, EV 104.4 MPH)
|
Batting: LHB Chris Jackson
|
0-0: Ball 1-0: Called Strike 1-1: Ground out 6-3 (Groundball, 6, EV 80.6 MPH)
|
Pinch Hitting: LHB Ryan Daniels
|
0-0: Ball 1-0: Ground out U3 (Groundball, 3, EV 86.9 MPH)
|
Top of the 9th over - 1 run, 2 hits, 0 errors, 1 left on base; Victoria 1 - Colorado 10 |
|